 Dungeon Crawl Stone Soup version 0.28-a0-723-g095bd1b44f (webtiles) character file.

Game seed: 17838272779173042771

998 bande the Chopper (level 8, -7/48 HPs)
             Began as a Gargoyle Fighter on Oct 25, 2021.
             Was an Initiate of Okawaru.
             Mangled by a two-headed ogre (10 damage)
             ... on level 6 of the Dungeon.
             The game lasted 00:08:17 (5621 turns).

bande the Chopper (Gargoyle Fighter)                Turns: 5621, Time: 00:08:17

Health: -7/48      AC: 19    Str: 19    XL:     8   Next: 19%
Magic:  8/8        EV:  6    Int:  9    God:    Okawaru [......]
Gold:   177        SH:  4    Dex: 10    Spells: 7/7 levels left

rFire   . . .      SeeInvis .   a - +0 war axe
rCold   . . .      Faith    .   c - +0 buckler
rNeg    + . .      Spirit   .   l - +0 plate armour
rPois   ∞          Reflect  .   (no helmet)
rElec   +          Harm     .   (no cloak)
rCorr   .          Rampage  .   (no gloves)
Will    .....                   n - +0 pair of boots
Stlth   ..........              (no amulet)
HPRegen 0.16/turn               (no ring)
MPRegen 0.11/turn               (no ring)

@: no status effects
A: sickness immunity, AC +5, negative energy resistance 1, electricity
resistance, torment resistance 1, petrification resistance, weak 1
a: Renounce Religion


You were on level 6 of the Dungeon.
You worshipped Okawaru.
Okawaru was noncommittal.
You visited 1 branch of the dungeon, and saw 6 of its levels.

You collected 177 gold pieces.

Inventory:

Hand Weapons
 a - a +0 war axe (weapon)
 k - a +0 flail
Armour
 c - a +0 buckler (worn)
 i - a +1 tower shield
 l - a +0 plate armour (worn)
 n - a +0 pair of boots (worn)
Jewellery
 g - a ring of magical power
Scrolls
 f - a scroll of enchant armour
 m - a scroll of magic mapping
Potions
 b - 3 potions of curing
 d - a potion of might
 e - 2 potions of heal wounds
 h - a potion of brilliance
 j - a potion of berserk rage {unknown}


   Skills:
 + Level 4.8 Fighting
 + Level 6.2 Axes
 + Level 5.9 Armour
 - Level 0.3 Dodging
 - Level 0.1 Stealth
 + Level 4.5 Shields
 * Level 0.9 Invocations


You had 7 spell levels left.
You didn't know any spells.
Your spell library contained the following spells:

 Spells                   Type           Power      Damage    Failure   Level
 Slow                     Hex            0%         N/A       100%        2
 Confusing Touch          Hex            0%         N/A       100%        3
 Inner Flame              Hex/Fire       0%         N/A       100%        3
 Cause Fear               Hex            0%         N/A       100%        4
 Yara's Violent Unravell  Hex/Tmut       0%         3d3       100%        5
 Discord                  Hex            0%         N/A       100%        8


Dungeon Overview and Level Annotations

Branches:
Dungeon (6/15)
 Temple: D:4-7

Altars:
Ashenzari
Kikubaaqudgha
Okawaru
Ru
Zin

Shops:
D:1 (!([   D:2 =**!*


Innate Abilities, Weirdness & Mutations

You are immune to sickness and miasma.
Your stone body is resilient. (AC +5)
You are immune to poison.
You resist negative energy. (rN+)
You are resistant to electric shocks. (rElec)
You are resistant to unholy torment.
You are immune to petrification.
You are weak. (Str -2)


Message History

You see here a scroll labelled USHRUM WIUMEV.
A scorpion is nearby!
A two-headed ogre comes into view.
It is wielding a +0 giant club and a +0 giant spiked club.
The two-headed ogre shouts in stereo!
You barely miss the scorpion. You block the scorpion's attack.
The scorpion stings you but does no damage.
You slash the scorpion!
The scorpion is heavily wounded.
The scorpion completely misses you.
You slash the scorpion!
You kill the scorpion!
Okawaru accepts your kill.
Found 5 gold pieces.
The two-headed ogre hits you but does no damage.
The two-headed ogre hits you with a +0 giant spiked club!
You see here a scorpion corpse.
You hit the two-headed ogre.
The two-headed ogre is lightly wounded.
The two-headed ogre closely misses you. The two-headed ogre barely misses you.
You hit the two-headed ogre.
The two-headed ogre is lightly wounded.
The two-headed ogre hits you with a +0 giant club!
The two-headed ogre hits you with a +0 giant spiked club!
* * * LOW HITPOINT WARNING * * *
You are too injured to fight recklessly!
You are too injured to fight recklessly!
You are too injured to fight recklessly!
You are too injured to fight recklessly!
You are too injured to fight recklessly!
You are too injured to fight recklessly!
You are too injured to fight recklessly!
You are too injured to fight recklessly!
Your plate armour prevents you from hitting the two-headed ogre.
The two-headed ogre is lightly wounded.
You hit the two-headed ogre but do no damage.
The two-headed ogre is lightly wounded.
The two-headed ogre hits you with a +0 giant club!
* * * LOW HITPOINT WARNING * * *
The two-headed ogre hits you with a +0 giant spiked club!
You die...

≈. ≈≈≈≈≈≈≈.# ≈≈≈≈≈...
#.# ≈≈.....###.# ...$
..##.# ... #.##.#
#######.# #.##.#
#.......###?.#.######
......O@.....#......#
.#+#.#######........#
#........#
###........#
#....>.....#
#..........#
#.....###### #.....#
#.....#


You could see a two-headed ogre.

Vanquished Creatures
  A necrophage (D:5)
  An ogre (D:5)
  A centaur (D:4)
  2 phantoms
  3 scorpions
  A water moccasin skeleton (D:5)
  A bullfrog zombie (D:5)
  A centaur zombie (D:5)
  A hound (D:5)
  2 iguanas
  2 hound zombies (D:5)
  2 hound skeletons
  6 adders
  4 gnolls (D:4)
  A worm (D:2)
  2 dart slugs
  6 orcs
  4 bats
  8 endoplasms
  6 giant cockroaches
  6 goblins
  6 hobgoblins
  4 jackals (D:1)
  2 quokkas (D:1)
  7 ball pythons
  3 frilled lizards
  3 kobolds
  6 rats
92 creatures vanquished.

Vanquished Creatures (others)
  4 fungi (D:5)
4 creatures vanquished.

Grand Total: 96 creatures vanquished

Notes
Turn   | Place    | Note
-------+----------+-------------------------------------------
     0 | D:1      | bande the Gargoyle Fighter began the quest for the Orb.
     0 | D:1      | Reached XP level 1. HP: 14/14 MP: 1/1
    17 | D:1      | Found Oxoxats's Distillery.
    85 | D:1      | Found Qoimono's Antique Weapon Shoppe.
   258 | D:1      | Found Buow's Antique Weapon Boutique.
   270 | D:1      | Reached XP level 2. HP: 13/19 MP: 2/2
   440 | D:1      | Found Uxtuq's Weapon Shop.
   644 | D:1      | Found Hiho's Antique Armour Emporium.
   843 | D:2      | Found Zyrr's General Store.
   843 | D:2      | Found Axaept's Distillery.
   849 | D:2      | Reached skill level 2 in Axes
   861 | D:1      | Reached XP level 3. HP: 14/23 MP: 3/3
  1396 | D:2      | Found Louzxuwa's Assorted Antiques.
  1406 | D:2      | Reached XP level 4. HP: 29/29 MP: 4/4
  1732 | D:2      | Found Viodd's Assorted Antiques.
  1790 | D:2      | Found a faded altar of an unknown god.
  2141 | D:2      | Found Faeleuroil's Jewellery Boutique.
  2402 | D:3      | Gained mutation: You are weak. (Str -2) [potion of
                  | mutation]
  2587 | D:3      | Reached skill level 3 in Axes
  2691 | D:3      | Reached XP level 5. HP: 25/33 MP: 5/5
  3632 | D:4      | Noticed a centaur
  3639 | D:4      | Killed a centaur
  3640 | D:4      | Reached XP level 6. HP: 20/38 MP: 6/6
  4199 | D:4      | Reached skill level 4 in Axes
  4199 | D:4      | Reached skill level 5 in Armour
  4214 | D:4      | Found a glowing silver altar of Zin.
  4616 | D:5      | Entered Level 5 of the Dungeon
  4621 | D:5      | Found a sacrificial altar of Ru.
  4770 | D:5      | Noticed a necrophage
  4781 | D:5      | Killed a necrophage
  4782 | D:5      | Reached XP level 7. HP: 43/44 MP: 7/7
  4936 | D:5      | Found a broken altar of Ashenzari.
  4967 | D:5      | Reached skill level 5 in Axes
  5154 | D:5      | Reached XP level 8. HP: 33/48 MP: 8/8
  5266 | D:5      | Found an ancient bone altar of Kikubaaqudgha.
  5310 | D:5      | Reached skill level 6 in Axes
  5540 | D:6      | Found an iron altar of Okawaru.
  5548 | D:6      | Became a worshipper of Warmaster Okawaru
  5613 | D:6      | Noticed a two-headed ogre
  5621 | D:6      | Mangled by a two-headed ogre

Illustrated notes

Levels and vault maps discovered:
D:1:      elethiomel_arrival_quiet, layout_basic, serial_shops,
          nicolae_shop_trees, shop, shop, shop, shop, minmay_misc_feat_chi
D:2:      layout_rooms, serial_shops, shop, shop, shop, shop_statue,
          nicolae_diamond_shop, basic_ecumenical_altar, minmay_pentomino_t4
D:3:      layout_basic, kennysheep_generic_room_2
D:4:      layout_gridville, zin_academy
D:5:      layout_basic, mainiacjoe_overflow_boulevard, kennysheep_mini_moat,
          kiku_gazebo_pond_becter
D:6:      layout_basic, nicolae_hepliaklqana_monster_ancestors,
          mainiacjoe_overflow_surrounded_room, okawaru_gym_becter,
          temple_pool_b, kennysheep_nondescript

Skill      XL: |  1  2  3  4  5  6  7  8 |
---------------+-------------------------+-----
Axes           | 2 3 4 5 6 |  6.2
Armour         | 4 5 |  5.9
Fighting       | 4 |  4.8
Shields        | 4 |  4.5
Dodging        | |  0.3
Stealth        | |  0.1
Invocations    | |  0.9

Action                   |  1- 3 |  4- 6 |  7- 9 || total
-------------------------+-------+-------+-------++-------
Melee: War axe           |    91 |   182 |    97 ||   370
  Use: Scroll            |       |    10 |     2 ||    12
       Potion            |       |     1 |     1 ||     2
Armor: Scale mail        |    88 |    45 |       ||   133
       Plate armour      |       |   110 |    62 ||   172
Dodge: Dodged            |    91 |    80 |    34 ||   205
Block: Buckler           |    25 |    50 |    15 ||    90

Table legend: (Time is in decaauts)
 A = Elapsed time spent in this place.
 B = Non-inter-level travel time spent in this place.
 C = Inter-level travel time spent in this place.
 D = Time resting spent in this place.
 E = Time spent auto-exploring this place.
 F = Levels seen in this place.
 G = Mean time per level.
                   A        B        C        D        E       F      G
               +--------+--------+--------+--------+--------+-----+--------+
         Total |   5745 |   5715 |     30 |   1285 |   3409 |   6 |  957.5 |
       Dungeon |   5745 |   5715 |     30 |   1285 |   3409 |   6 |  957.5 |
               +--------+--------+--------+--------+--------+-----+--------+

Top non-repeatable levels by time:
     D:4: 1361 daAuts
     D:1: 1306 daAuts
     D:2: 1151 daAuts
     D:5: 902 daAuts
     D:3: 895 daAuts
     D:6: 128 daAuts
